 Dungeon Crawl Stone Soup version 0.27-a0-1090-gb115f176c6 (webtiles) character file.

Game seed: 1558960463812643253

29 dolemite99 the Chopper (level 3, -5/31 HPs)
             Began as a Minotaur Fighter on Apr 28, 2021.
             Slain by a kobold
             ... wielding a +0 short sword of electrocution
              (15 damage)
             ... on level 2 of the Dungeon.
             The game lasted 00:01:12 (1079 turns).

dolemite99 the Chopper (Minotaur Fighter)           Turns: 1079, Time: 00:01:12

Health: -5/31      AC: 13    Str: 21    XL:     3   Next: 1%
Magic:  2/2        EV:  6    Int:  5    God:
Gold:   31         SH:  0    Dex:  9    Spells: 2/2 levels left

rFire    . . .     SeeInvis .   a - +0 war axe
rCold    + . .     Faith    .   (no shield)
rNeg     . . .     Spirit   .   p - +1 plate armour {rC+}
rPois    .         Reflect  .   (helmet restricted)
rElec    .         Harm     .   o - +0 cloak
rCorr    .         Rampage  .   (no gloves)
Will     .....                  (no boots)
Stlth    ..........             (no amulet)
HPRegen  0.10/turn              (no ring)
MPRegen  0.08/turn              (no ring)

@: no status effects
A: horns 2, retaliatory headbutt
a: no special abilities


You were on level 2 of the Dungeon.
You visited 1 branch of the dungeon, and saw 2 of its levels.

You collected 31 gold pieces.

Inventory:

Hand Weapons
 a - a +0 war axe (weapon)
Missiles
 e - 29 stones (quivered)
 i - 30 arrows
 k - 7 atropa-tipped darts
Armour
 b - a +0 scale mail
 c - a +0 kite shield
 o - a +0 cloak (worn)
 p - a +1 plate armour of cold resistance (worn)
Scrolls
 f - a scroll of silence {unknown}
 g - a scroll of teleportation {unknown}
 j - a scroll of amnesia {unknown}
 l - a scroll of blinking {unknown}
 m - a scroll of identify {unknown}
 n - a scroll of magic mapping {unknown}
Potions
 d - 3 potions of might
 h - a potion of degeneration {unknown}


   Skills:
 - Level 3.6 Fighting
 + Level 4.3 Axes
 - Level 3.6 Armour
 - Level 3.6 Shields


You had 2 spell levels left.
You didn't know any spells.
Your spell library contained the following spells:

 Spells                   Type           Power      Damage    Failure   Level
 Beastly Appendage        Tmut           0%         N/A       100%        1
 Wereblood                Tmut           0%         N/A       100%        2
 Spider Form              Tmut/Pois      0%         N/A       100%        3
 Ice Form                 Ice/Tmut       0%         N/A       100%        4
 Hydra Form               Tmut           0%         N/A       100%        5


Dungeon Overview and Level Annotations

Branches:
Dungeon (2/15)

Altars:


Innate Abilities, Weirdness & Mutations

You have a pair of horns on your head.
You reflexively headbutt those who attack you in melee.


Message History

The giant cockroach bites you.
You barely miss the giant cockroach.
Your headbutt misses the giant cockroach.
The giant cockroach is almost dead.
The giant cockroach barely misses you.
You hit the giant cockroach.
You kill the giant cockroach!
You have reached level 3!
Your experience leads to an increase in your attributes!
Increase (S)trength, (I)ntelligence, or (D)exterity?
You feel stronger.
You start putting on your armour.
You continue putting on your +0 cloak. x4
You finish putting on your +0 cloak.
Found a runed plate armour.
You see here a +1 plate armour of cold resistance.
p - a +1 plate armour of cold resistance You now have 31 gold pieces (gained 13).
You start removing your armour.
You continue taking off your +0 scale mail. x4
You finish taking off your +0 scale mail.
You start putting on your armour.
You continue putting on your +1 plate armour of cold resistance. x5
You finish putting on your +1 plate armour of cold resistance.
You feel resistant to cold.
There is a stone staircase leading up here.
There is a stone staircase leading down here.
A kobold comes into view.
It is wielding a +0 short sword of electrocution.
The kobold shouts!
The kobold throws a stone.
The stone hits you but does no damage.
The kobold throws a stone.
The stone hits you but does no damage.
You throw a stone. The stone closely misses the kobold.
The kobold hits you with a +0 short sword of electrocution.
You are electrocuted!!
Ouch! That really hurt!
* * * LOW HITPOINT WARNING * * *
The kobold hits you but does no damage.
You barely miss the kobold. The kobold closely misses you.
You closely miss the kobold. The kobold hits you but does no damage.
You are electrocuted!
You die...

....##.. .......#
########+##
.......####...#.....#
.......+....>...##..#
..##...##...........#####
..............#.........#
..............+.........#
...........)..#.........#
..............#.@K......#
................(.##+####
..###..<<.....###..# ..#
#.#.............. ..#
#........##.....#.
..###.........#.....# #
..#...........#......
..............# ##...
....#...##......


You could see a kobold.

Vanquished Creatures
  An endoplasm (D:1)
  A giant cockroach (D:2)
  2 goblins (D:1)
  2 hobgoblins (D:1)
  6 jackals (D:1)
  A quokka (D:1)
  3 ball pythons (D:1)
  4 bats (D:1)
  4 kobolds (D:1)
  2 rats (D:1)
26 creatures vanquished.

Notes
Turn   | Place    | Note
-------+----------+-------------------------------------------
     0 | D:1      | dolemite99 the Minotaur Fighter began the quest for the
                  | Orb.
     0 | D:1      | Reached XP level 1. HP: 19/19 MP: 0/0
   176 | D:1      | Reached skill level 3 in Axes
   330 | D:1      | Reached XP level 2. HP: 26/26 MP: 1/1
   449 | D:1      | Reached skill level 4 in Axes
  1018 | D:2      | Reached XP level 3. HP: 31/31 MP: 2/2
  1079 | D:2      | Slain by a kobold

Illustrated notes

Levels and vault maps discovered:
D:1:      mrwooster_arrival_statue_3, layout_loops_corners,
          hangedman_abyss_or_decor_lesser_grid, minmay_pentomino_s4
D:2:      layout_basic, uniq_crazy_yiuf_cottage

Skill      XL: |  1  2 |
---------------+-------+-----
Axes           | 3 4 |  4.3
Fighting       | |  3.6
Armour         | |  3.6
Shields        | |  3.6

Action                   || total
-------------------------++-------
Melee: War axe           ||    46
       Headbutt          ||     7
Throw: Stone             ||    21
Armor: Scale mail        ||    15
       Plate armour      ||     4
Dodge: Dodged            ||    26

Table legend: (Time is in decaauts)
 A = Elapsed time spent in this place.
 B = Non-inter-level travel time spent in this place.
 C = Inter-level travel time spent in this place.
 D = Time resting spent in this place.
 E = Time spent auto-exploring this place.
 F = Levels seen in this place.
 G = Mean time per level.
                   A        B        C        D        E       F      G
               +--------+--------+--------+--------+--------+-----+--------+
         Total |   1095 |   1060 |     35 |      0 |    817 |   2 |  547.5 |
       Dungeon |   1095 |   1060 |     35 |      0 |    817 |   2 |  547.5 |
               +--------+--------+--------+--------+--------+-----+--------+

Top non-repeatable levels by time:
     D:1: 1021 daAuts
     D:2: 74 daAuts
